 Dungeon Crawl Stone Soup version 0.20-a0-738-gb057e68 (webtiles) character file.

33769 Amciq the Grappler (level 13, -7/127 HPs)
             Began as a Troll Hunter on Feb 24, 2017.
             Was a High Priest of Okawaru.
             Mangled by an 11-headed hydra (8 damage)
             ... on level 6 of the Lair of Beasts.
             The game lasted 00:56:35 (14513 turns).

Amciq the Grappler (Troll Hunter)                  Turns: 14513, Time: 00:56:36

Health: -7/127     AC: 10    Str: 27    XL:     13   Next: 38%
Magic:  14/16      EV: 13    Int:  7    God:    Okawaru [*****.]
Gold:   864        SH: 19    Dex: 10    Spells: 12/12 levels left

rFire    . . .     SeeInvis .     - Unarmed
rCold    + . .     Gourm    +   A - +2 robe {rC+}
rNeg     . . .     Faith    .   C - +0 large shield
rPois    .         Spirit   .   K - +1 hat {MR+}
rElec    .         Reflect  .   B - +0 cloak {+Inv}
rCorr    .         Harm     .   (gloves unavailable)
MR       +....                  (boots unavailable)
Stlth    ++........             (no amulet)
Regen    0.8/turn               y - +3 ring of slaying
MPRegen  0.2/turn               I - ring of loudness (curse)

@: heroism
A: unfitting armour, claws 3, fast metabolism 3, gourmand, regeneration 1,
shaggy fur 1, tough skin 2
a: Heroism, Finesse, Renounce Religion, Evoke Invisibility


You were on level 6 of the Lair of Beasts.
You worshipped Okawaru.
Okawaru was extremely pleased with you.
You were very full.

You visited 3 branches of the dungeon, and saw 17 of its levels.
You also visited: Sewer.

You collected 954 gold pieces.
You spent 90 gold pieces at shops.

Inventory:

Missiles
 c - 2 large rocks (quivered)
 d - 3 throwing nets
Armour
 A - a +2 robe of cold resistance (worn)
 B - a +0 cloak of invisibility (worn)
 C - a +0 large shield (worn)
 K - a +1 hat of magic resistance (worn)
Jewellery
 l - an uncursed ring of protection from magic
 u - an uncursed amulet of guardian spirit
 v - an uncursed ring of ice
 y - a +3 ring of slaying (right claw)
 F - an uncursed ring of protection from fire {unknown}
 I - a cursed ring of loudness (left claw)
Wands
 b - a wand of enslavement (24/24)
 E - a wand of disintegration (20/24)
 L - a wand of digging (24/24)
Scrolls
 a - 3 scrolls of identify
 e - 4 scrolls of magic mapping
 g - a scroll of blinking
 m - a scroll of summoning
 n - 4 scrolls of teleportation
 w - a scroll of holy word
 z - 2 scrolls of fog
 D - 3 scrolls of enchant armour
Potions
 j - 3 potions of haste
 p - a potion of invisibility {unknown}
 q - 3 potions of curing
 r - a potion of might
 s - 6 potions of flight
 t - 4 potions of cancellation
 x - a potion of degeneration
Comestibles
 f - 7 bread rations
 i - 12 royal jellies
 k - 10 meat rations
 o - 22 fruits


   Skills:
 * Level 8.2(13.2) Fighting
 * Level 11.6(16.6) Throwing
 + Level 3.1(8.1) Armour
 + Level 6.0(11.0) Dodging
 - Level 0.6(5.6) Stealth
 * Level 6.4(11.4) Shields
 * Level 11.8(16.8) Unarmed Combat
 + Level 5.6 Invocations
 + Level 0.5 Evocations


You had 12 spell levels left.
You didn't know any spells.

Dungeon Overview and Level Annotations

Branches:
Dungeon (10/15)            Temple (1/1) D:5            Lair (6/6) D:9
 Shoals (0/4) Lair:4        Snake (0/4) Lair:2          Orc (0/2) D:10
  Slime: Lair:5-6

Altars:
Ashenzari
Cheibriados
Dithmenos
Elyvilon
Fedhas
Gozag
Hepliaklqana
Kikubaaqudgha
Makhleb
Nemelex Xobeh
Okawaru
Qazlal
Ru
Sif Muna
Trog
Uskayaw
Vehumet
Wu Jian
Xom
Yredelemnul
Zin
The Shining One


Innate Abilities, Weirdness & Mutations

You are too large for most types of armour.
You have claws for hands.
Your metabolism is lightning-fast.
You like to eat raw meat.
Your natural rate of healing is unusually fast.
You are covered in fur. (AC +1)
You have very tough skin. (AC +2)


Message History

The ten-headed hydra misses you. The ten-headed hydra bites you.
The ten-headed hydra bites you! x2
* * * LOW HITPOINT WARNING * * *
The ten-headed hydra bites you but does no damage.
You block the ten-headed hydra's attack.
The ten-headed hydra bites you but does no damage.
You tear one of the ten-headed hydra's heads off!
The nine-headed hydra grows two more!
You claw the 11-headed hydra!
The 11-headed hydra is severely wounded.
The 11-headed hydra bites you!
* * * LOW HITPOINT WARNING * * *
The 11-headed hydra bites you!
* * * LOW HITPOINT WARNING * * *
You block the 11-headed hydra's attack. The 11-headed hydra barely misses you.
You block the 11-headed hydra's attack. The 11-headed hydra closely misses you.
The 11-headed hydra bites you but does no damage.
The 11-headed hydra bites you!
* * * LOW HITPOINT WARNING * * *
The 11-headed hydra bites you!
You die...

##############
............(#
...........(.#
.........(...#
.......@D..#
..........##
.....P.....#
.......t...#
...........#
............
............#
.............


You could see a 11-headed hydra and a crocodile.

Vanquished Creatures
  Fannar (Lair:3)
  2 hydras
  4 two-headed ogres
  A centaur warrior (D:10)
  4 death yaks
  11 elephants
  Maurice (D:9)
  3 black mambas
  A torpor snail (Lair:4)
  9 spiny frogs
  The ghost of TroubleDarcy the Chopper, a novice GrBe of Trog (D:5)
  5 komodo dragons
  3 merfolk
  4 trolls
  Grinder (D:6)
  6 dream sheep
  3 hippogriffs
  6 blink frogs
  Sigmund (D:2)
  13 yaks
  2 basilisks
  5 wyverns
  A wraith (D:10)
  A human (D:10)
  5 nagas (Lair:2)
  2 wargs (D:10)
  7 water moccasins
  8 porcupines
  An orc warrior (D:8)
  A sky beast (D:5)
  2 ice beasts (D:7)
  4 centaurs
  8 ogres
  3 phantoms
  9 wolves
  6 crocodiles
  4 big kobolds
  18 bullfrogs
  A wyvern skeleton (D:10)
  3 scorpions
  2 water moccasin skeletons
  4 wights (D:7)
  2 howler monkeys
  2 electric eels (D:9)
  4 crimson imps
  A bullfrog zombie (D:8)
  7 hounds
  A jelly (D:10)
  A quasit (D:7)
  6 orc priests
  2 bullfrog skeletons
  5 orc wizards
  3 iguanas
  2 merfolk sirens
  8 worker ants
  A merfolk avatar (Sewer)
  A hound zombie (D:7)
  A hound skeleton (D:5)
  15 gnolls
  14 adders
  2 river rats (Sewer)
  4 shadow imps
  An adder zombie (D:7)
  An adder skeleton (D:4)
  8 worms
  3 dart slugs
  8 leopard geckos
  38 orcs
  6 ball pythons
  8 bats
  9 giant cockroaches
  9 goblins
  10 hobgoblins
  7 jackals
  4 quokkas
  A ball python skeleton (D:5)
  5 frilled lizards
  A jackal skeleton (D:4)
  12 kobolds
  A leopard gecko skeleton (D:8)
  29 rats
420 creatures vanquished.

Vanquished Creatures (others)
  A fungus (Lair:5)
1 creature vanquished.

Grand Total: 421 creatures vanquished

Notes
Turn   | Place    | Note
-------+----------+-------------------------------------------
     0 | D:1      | Amciq the Troll Hunter began the quest for the Orb.
     0 | D:1      | Reached XP level 1. HP: 19/19 MP: 0/0
    72 | D:1      | Reached XP level 2. HP: 27/28 MP: 1/1
   292 | D:1      | Reached skill level 1 in Unarmed Combat
   468 | D:2      | Noticed Sigmund
   471 | D:2      | Killed Sigmund
   471 | D:2      | Reached XP level 3. HP: 36/36 MP: 2/2
   471 | D:2      | Reached XP level 4. HP: 44/44 MP: 3/3
   471 | D:2      | Reached XP level 5. HP: 50/50 MP: 4/4
  1436 | D:3      | Reached XP level 6. HP: 59/59 MP: 5/5
  1959 | D:4      | Reached skill level 5 in Throwing
  1971 | D:4      | Found a stormy altar of Qazlal.
  1992 | D:4      | Found a glowing drain.
  2000 | Sewer    | Entered a sewer
  2107 | Sewer    | Reached XP level 7. HP: 64/67 MP: 6/6
  2530 | D:4      | Found a sacrificial altar of Ru.
  2538 | D:4      | Found an opulent altar of Gozag.
  2762 | D:4      | Found a hazy altar of Hepliaklqana.
  2791 | D:4      | Found a shattered altar of Ashenzari.
  3381 | D:5      | Entered Level 5 of the Dungeon
  3679 | D:5      | Reached XP level 8. HP: 47/76 MP: 7/7
  3762 | D:5      | Reached skill level 5 in Unarmed Combat
  3862 | D:5      | Noticed TroubleDarcy's ghost (novice GrBe)
  3874 | D:5      | Killed TroubleDarcy's ghost
  4037 | D:5      | Found a white marble altar of Elyvilon.
  4037 | D:5      | Found a deep blue altar of Sif Muna.
  4217 | D:5      | Found a staircase to the Ecumenical Temple.
  4223 | Temple   | Entered the Ecumenical Temple
  4424 | Temple   | Became a worshipper of Warmaster Okawaru
  4809 | D:6      | Found Zin's Purification Station.
  4811 | D:6      | Found a glowing silver altar of Zin.
  4817 | D:6      | Bought a potion of curing for 90 gold pieces
  5102 | D:6      | Found a stormy altar of Qazlal.
  5127 | D:6      | Noticed Grinder
  5146 | D:6      | Killed Grinder
  5146 | D:6      | Reached * piety under Okawaru
  5146 | D:6      | Reached XP level 9. HP: 85/85 MP: 8/8
  5638 | D:7      | Found an ancient bone altar of Kikubaaqudgha.
  6834 | D:8      | Reached ** piety under Okawaru
  6945 | D:8      | Noticed a two-headed ogre
  7022 | D:8      | Killed a two-headed ogre
  7022 | D:8      | Reached skill level 5 in Fighting
  7022 | D:8      | Reached skill level 5 in Dodging
  7022 | D:8      | Reached skill level 1 in Shields
  7025 | D:8      | Reached XP level 10. HP: 42/96 MP: 9/9
  7376 | D:8      | Found a bloodstained altar of Trog.
  7442 | D:9      | Noticed Maurice
  7455 | D:9      | Killed Maurice
  7494 | D:9      | Reached *** piety under Okawaru
  7669 | D:9      | Found a staircase to the Lair.
  7717 | D:9      | Reached skill level 1 in Invocations
  7805 | D:9      | Reached **** piety under Okawaru
  7866 | D:9      | Noticed a three-headed hydra
  8108 | D:10     | Entered Level 10 of the Dungeon
  8246 | D:10     | Received a gift from Okawaru
  8271 | D:10     | Reached XP level 11. HP: 105/105 MP: 11/11
  8337 | D:10     | Noticed a two-headed ogre
  8350 | D:10     | Killed a two-headed ogre
  8598 | D:10     | Found a staircase to the Orcish Mines.
  8752 | D:10     | Noticed a centaur warrior
  8765 | D:10     | Killed a centaur warrior
  8765 | D:10     | Received a gift from Okawaru
  8859 | D:10     | Reached skill level 10 in Unarmed Combat
  9010 | D:10     | Noticed a two-headed ogre
  9014 | D:10     | Killed a two-headed ogre
  9014 | D:10     | Reached ***** piety under Okawaru
  9014 | D:10     | Reached skill level 10 in Throwing
  9061 | D:10     | Noticed a two-headed ogre
  9064 | D:10     | Killed a two-headed ogre
  9064 | D:10     | Received a gift from Okawaru
  9586 | D:9      | Killed a six-headed hydra
  9654 | D:9      | Found a bloodstained altar of Trog.
  9731 | D:9      | Found a burning altar of Makhleb.
  9731 | D:9      | Found a shimmering altar of Xom.
  9757 | Lair:1   | Entered Level 1 of the Lair of Beasts
 10521 | Lair:2   | Reached skill level 1 in Armour
 10531 | Lair:2   | Found a staircase to the Snake Pit.
 10544 | Lair:2   | Reached XP level 12. HP: 82/115 MP: 7/14
 11004 | Lair:2   | Got a polished whip
 11005 | Lair:2   | Identified the +1 whip "Xahi" {slash, *Rage +Blink rC- Str+3} (You found it on level 2 of the Lair of Beasts)
 11670 | Lair:3   | Reached skill level 5 in Shields
 11839 | Lair:3   | Noticed Fannar
 11840 | Lair:3   | Noticed a death yak
 11840 | Lair:3   | Noticed a death yak
 11867 | Lair:2   | Killed a death yak
 11904 | Lair:3   | Noticed a death yak
 11905 | Lair:3   | Noticed a death yak
 11912 | Lair:2   | Killed a death yak
 12028 | Lair:2   | Received a gift from Okawaru
 12200 | Lair:3   | Killed a death yak
 12205 | Lair:3   | Killed a death yak
 12240 | Lair:3   | Killed Fannar
 12485 | Lair:2   | Received a gift from Okawaru
 12797 | Lair:3   | Received a gift from Okawaru
 13019 | Lair:4   | Reached skill level 5 in Invocations
 13130 | Lair:4   | Reached XP level 13. HP: 118/127 MP: 15/15
 13296 | Lair:4   | Found a staircase to the Shoals.
 13540 | Lair:4   | Received a gift from Okawaru
 13970 | Lair:5   | Found a blossoming altar of Fedhas.
 14503 | Lair:6   | Entered Level 6 of the Lair of Beasts
 14513 | Lair:6   | HP: 1/127 [11-headed hydra (12)]
 14513 | Lair:6   | Mangled by an 11-headed hydra

Vault maps used:
D:1:      minmay_arrival_loop
D:2:      fountainhead, uniq_sigmund
D:3:      minmay_diamond_boxcup, first_bread
D:4:      lemuel_crystal_altar, lemuel_doored_altar, nicolae_ru_awakened_eye,
          nicolae_ashenzari_panopticon, portal_sewer_entry_b,
          nicolae_gozag_seed_capital
D:5:      minitemple, minmay_temple_entry_enclosed_plants
D:6:      zin_purify, grunt_ministairs_15, minmay_splitting_lines, hex_tiny,
          grunt_qazlal_clouds, uniq_grinder
D:7:      kiku_gazebo_pond_becter
D:8:      kennysheep_little_box, lemuel_flamethrower_1
D:9:      grunt_temple_overflow_champion_of_chaos, erik_lair_island,
          hangedman_ranch, trog_hazing_becter, uniq_maurice
D:10:     erik_orc_4
Temple:   bh_familiar_temple
Lair:1:   grunt_megastairs_2
Lair:2:   minmay_snake_entry_guardpost_medium, st_stairs_4
Lair:3:   uniq_fannar
Lair:4:   elwin_shoals_entry_stream
Lair:5:   basic_altar, hibernation_bobbens
Lair:6:   wormcave, minmay_slime_entry_pillars, serial_bayou_lake_a
Sewer:    sewer_sea

Skill      XL: |  1  2  3  4  5  6  7  8  9 10 11 12 13 |
---------------+----------------------------------------+-----
Unarmed Combat | 2 3 4 6 8 9 10 11 | 11.8
Fighting       | 2 3 4 5 6 7 8 |  8.2
Throwing       | 4 5 6 7 8 9 10 11 | 11.6
Dodging        | 2 3 4 5 6 |  6.0
Shields        | 1 3 4 5 6 |  6.4
Invocations    | 2 4 5 |  5.6
Armour         | 1 2 3 |  3.1
Stealth        | |  0.6
Evocations     | |  0.5

Action                   |  1- 3 |  4- 6 |  7- 9 | 10-12 | 13-15 || total
-------------------------+-------+-------+-------+-------+-------++-------
Melee: Unarmed           |    31 |   208 |   386 |   594 |   145 ||  1364
       Short sword       |    10 |       |       |       |       ||    10
       Punch             |       |     2 |     5 |       |       ||     7
Throw: Large rock        |     3 |     3 |    10 |    31 |     9 ||    56
       Throwing net      |       |       |     3 |       |       ||     3
Invok: Heroism           |       |       |       |    14 |     3 ||    17
       Finesse           |       |       |       |     2 |     1 ||     3
Evoke: Wand              |       |       |       |     1 |       ||     1
  Use: Scroll            |       |       |    16 |    14 |       ||    30
       Potion            |       |       |     5 |       |       ||     5
 Stab: Sleeping          |       |     3 |     1 |     2 |       ||     6
  Eat: Chunk             |     5 |    20 |    40 |    62 |    12 ||   139
Armor: Robe              |    17 |    48 |   114 |    93 |    26 ||   298
Dodge: Dodged            |    18 |    99 |   155 |   132 |    34 ||   438
Block: Large shield      |       |       |    21 |   412 |   105 ||   538
